 Dungeon Sprint DCSS version 0.30-a0-802-gb92711bcdf (webtiles) character file.

Game seed: 11087338905539874709

2 rocky1 the Digger (level 1, 0/10 HPs)
             Began as a Deep Elf Earth Elementalist on Feb 23, 2023.
             Slain by Crazy Yiuf
             ... wielding a +3 quarterstaff of chaos
              (3 damage)
             ... in the Dungeon (Sprint III: "The Ten Rune Challenge").
             The game lasted 00:00:16 (65 turns).

rocky1 the Digger (Deep Elf Earth Elementalist)       Turns: 65, Time: 00:00:17

Health: 0/10       AC:  2    Str:  5    XL:     1   Next: 33%
Magic:  3/6        EV: 12    Int: 19    God:
Gold:   25         SH:  0    Dex: 15    Spells: 5/6 levels left

rFire   . . .      SeeInvis .    (no weapon)
rCold   . . .      Faith    .    (no shield)
rNeg    . . .      Spirit   .    a - +0 robe
rPois   .          Reflect  .    (no helmet)
rElec   .          Harm     .    (no cloak)
rCorr   .          Rampage  .    (no gloves)
Will    .....      NoTele   +    (no boots)
Stlth   ++                       (no amulet)
HPRegen 0.21/turn                (no ring)
MPRegen 0.10/turn                (no ring)

@: no status effects
A: no striking features
a: no special abilities


You were in the Dungeon.
You visited 1 branch You collected 25 gold pieces.

Inventory:

Armour
 a - a +0 robe (worn)
Scrolls
 g - a scroll of blinking
Potions
 b - 3 potions of magic
 c - a potion of curing
 d - a potion of heal wounds
 e - a potion of haste
 f - a potion of berserk rage


   Skills:
 + Level 2.4 Dodging
 + Level 2.4 Stealth
 + Level 3.0 Spellcasting
 + Level 1.1 Transmutations
 + Level 4.5 Earth Magic


You had 5 spell levels left.
You knew the following spells:

 Your Spells              Type           Power      Damage    Failure   Level
a - Sandblast             Erth           40%        2d10      2%          1

Your spell library contained the following spells:

 Spells                   Type           Power      Damage    Failure   Level
 Passwall                 Tmut/Erth      10%        N/A       7%          2
 Stone Arrow              Conj/Erth      22%        3d8       19%         3
 Petrify                  Tmut/Erth      13%        N/A       43%         4


Dungeon Overview and Level Annotations

Branches:
Dungeon (1/1)

Altars:

Annotations:
D Crazy Yiuf


Message History

Aiming: Sandblast (safe; 2% risk of failure)
Press: ? - help, Q - select action Shift-Dir - straight line, f - rat
Aim: a rat (asleep, 100% to hit)
The blast of sand hits the rat!
You kill the rat!
A rat comes into view.
Found 11 gold pieces.
There is an open door here.
Aiming: Sandblast (safe; 2% risk of failure)
Press: ? - help, Q - select action Shift-Dir - straight line, f - rat
Aim: a rat (asleep, 100% to hit)
The blast of sand hits the rat!
You kill the rat!
You now have 25 gold pieces (gained 11).
You start resting.
Magic restored.
You open the door.
There is an open door here.
Crazy Yiuf the Enlightened comes into view.
He is wielding a +3 quarterstaff of chaos.
Crazy Yiuf shouts!
Aiming: Sandblast (safe; 2% risk of failure)
Press: ? - help, Q - select action Shift-Dir - straight line, f - Crazy Yiuf
Aim: Crazy Yiuf, wielding a +3 quarterstaff of chaos and wearing a +2 cloak (85% to hit)
The blast of sand hits Crazy Yiuf.
Crazy Yiuf is lightly wounded.
Aiming: Sandblast (safe; 2% risk of failure)
Press: ? - help, Q - select action Shift-Dir - straight line, f/p - Crazy Yiuf
Aim: Crazy Yiuf, wielding a +3 quarterstaff of chaos and wearing a +2 cloak (lightly wounded, 85% to hit)
The blast of sand hits Crazy Yiuf.
Crazy Yiuf is moderately wounded.
Aiming: Sandblast (safe; 2% risk of failure)
Press: ? - help, Q - select action Shift-Dir - straight line, f/p - Crazy Yiuf
Aim: Crazy Yiuf, wielding a +3 quarterstaff of chaos and wearing a +2 cloak (moderately wounded, 85% to hit)
The blast of sand hits Crazy Yiuf but does no damage.
Crazy Yiuf is moderately wounded.
Crazy Yiuf hits you with a +3 quarterstaff of chaos!
Ouch! That really hurt!
* * * LOW HITPOINT WARNING * * *
Crazy Yiuf burns you.
You die...

▓▓▓▓ ▓<.#
+..... ▓..#
#....♣♣♣
▓#'####....♣.♣
▓.....#....~.♣
▓†...†#...~~.♣
▓.....#..~~~~♣.
▓####'#g.~≈≈~~~
▓.....#@~~≈~~~.
▓...†.#.~≈~~~..
▓.....#.~~~....
▓'#####........
▓..............
▓▓▓▓▓▓▓▓▓▓▓▓▓▓▓


You could see Crazy Yiuf.

Vanquished Creatures
  4 rats (D)
4 creatures vanquished.

Notes
Turn   | Place    | Note
-------+----------+-------------------------------------------
     0 | D        | rocky1 the Deep Elf Earth Elementalist began the quest for
                  | the Orb.
     0 | D        | Reached XP level 1. HP: 10/10 MP: 6/6
     6 | D        | Reached skill level 4 in Earth Magic
    61 | D        | Noticed Crazy Yiuf
    65 | D        | Slain by Crazy Yiuf

Illustrated notes

Levels and vault maps discovered:
D:        dungeon_sprint_mu [sprint_mu_entry_forest, sprint_mu_temple_rooms,
          sprint_mu_d1_spiders, sprint_mu_d2_genie, sprint_mu_d3_branching,
          sprint_mu_orc_legion, sprint_mu_elf_gauntlet, sprint_mu_hive_nellie,
          sprint_mu_lair_fedhas, sprint_mu_vaults_butterflies,
          sprint_mu_slime_circle, sprint_mu_swamp_cave, sprint_mu_snake_twists,
          sprint_mu_blade_basic, sprint_mu_crypt_fortress,
          sprint_mu_tomb_spiral, sprint_mu_vestibule_basic,
          sprint_mu_gehenna_hellfire, sprint_mu_dis_giant,
          sprint_mu_tartarus_statrot, sprint_mu_cocytus_islands, sprint_mu_zot1]

Skill      XL: |  1 |
---------------+----+-----
Earth Magic    | 4 |  4.5
Dodging        | |  2.4
Stealth        | |  2.4
Spellcasting   | |  3.0
Transmutations | |  1.1

Action                     || total
---------------------------++-------
   Cast: Sandblast         ||     7

Table legend: (Time is in decaauts)
 A = Elapsed time spent in this place.
 B = Non-inter-level travel time spent in this place.
 C = Inter-level travel time spent in this place.
 D = Time resting spent in this place.
 E = Time spent auto-exploring this place.
 F = Levels seen in this place.
 G = Mean time per level.
                   A        B        C        D        E       F      G
               +--------+--------+--------+--------+--------+-----+--------+
         Total |     68 |     68 |      0 |     25 |      0 |   1 |   68.0 |
       Dungeon |     68 |     68 |      0 |     25 |      0 |   1 |   68.0 |
               +--------+--------+--------+--------+--------+-----+--------+

Top non-repeatable levels by time:
       D: 68 daAuts
